 Dungeon Crawl Stone Soup version 0.23.2-40-g277498a001 (webtiles) character file.

Game seed: 9439040427267969105

898 Ruokin the Covered (level 7, -2/61 HPs)
             Began as a Minotaur Fighter on Oct 23, 2019.
             Was an Initiate of Makhleb.
             Slain by a gnoll
             ... wielding a +1 halberd of chopping
              (4 damage)
             ... on level 5 of the Dungeon.
             The game lasted 00:22:26 (4753 turns).

Ruokin the Covered (Minotaur Fighter)               Turns: 4753, Time: 00:22:27

Health: -2/61      AC:  9    Str: 22    XL:     7   Next: 79%
Magic:  6/6        EV: 11    Int:  7    God:    Makhleb [......]
Gold:   192        SH:  0    Dex: 10    Spells: 6/6 levels left

rFire    . . .     SeeInvis .   x - +0 great sword
rCold    . . .     Gourm    .   (shield currently unavailable)
rNeg     + . .     Faith    .   b - +0 scale mail
rPois    .         Spirit   .   (helmet restricted)
rElec    .         Reflect  .   h - +0 cloak
rCorr    .         Harm     .   (no gloves)
MR       .....                  (no boots)
Stlth    ..........             (no amulet)
HPRegen  0.20/turn              i - ring of positive energy
MPRegen  0.10/turn              j - +2 ring of intelligence

@: no status effects
A: retaliatory headbutt, horns 2
a: Renounce Religion


You were on level 5 of the Dungeon.
You worshipped Makhleb.
Makhleb was noncommittal.
You were hungry.

You visited 2 branches of the dungeon, and saw 6 of its levels.

You collected 192 gold pieces.

Inventory:

Hand Weapons
 a - a +0 long sword
 x - a +0 great sword (weapon)
Missiles
 z - 2 throwing nets (quivered)
Armour
 b - a +0 scale mail (worn)
 c - a +0 shield
 h - a +0 cloak (worn)
 A - a +2 shield
Jewellery
 i - a ring of positive energy (left hand)
 j - a +2 ring of intelligence (right hand)
 l - a cursed amulet of inaccuracy
 u - an uncursed ring of protection from magic
Wands
 w - a wand of scattershot (5)
Scrolls
 d - a scroll of magic mapping {unknown}
 m - a scroll of amnesia
 r - a scroll of remove curse
 s - 2 scrolls of enchant weapon {unknown}
 v - a scroll of noise {unknown}
 y - a scroll of identify
Potions
 e - 5 potions of heal wounds
 g - 4 potions of curing {unknown}
 k - a potion of cancellation {unknown}
 n - 2 potions of brilliance {unknown}
 o - a potion of flight {unknown}
 p - a potion of mutation {unknown}
 q - a potion of resistance
 t - a potion of agility {unknown}
Comestibles
 f - 6 rations


   Skills:
 + Level 5.5 Fighting
 + Level 6.4 Long Blades
 + Level 6.7 Armour
 + Level 2.6 Dodging
 + Level 0.5 Stealth
 + Level 5.0 Shields
 + Level 0.8 Unarmed Combat


You had 6 spell levels left.
You didn't know any spells.
Your spell library contained the following spells:

 Spells                   Type           Power        Failure   Level  Hunger
 Corona                   Hex            #......      73%         1    ##.....
 Ensorcelled Hibernation  Hex/Ice        #.....       86%         2    ###....
 Confuse                  Hex            #.......     97%         3    ####...
 Dazzling Spray           Conj/Hex       #.....       97%         3    ####...
 Tukima's Dance           Hex            #.......     97%         3    ####...


Dungeon Overview and Level Annotations

Branches:
Dungeon (5/15)             Temple (1/1) D:5

Altars:
Ashenzari
Makhleb
Qazlal
Xom

Shops:
D:5 [[[(


Innate Abilities, Weirdness & Mutations

You reflexively headbutt those who attack you in melee.
You have a pair of horns on your head.


Message History

Found Hibe's Antique Armour Shop.
The gnoll barely misses you.
You are feeling hungry.
You closely miss the gnoll.
The gnoll hits you with a +1 halberd of chopping.
* * * LOW HITPOINT WARNING * * *
x2 You barely miss the gnoll.
Your headbutt misses the gnoll. You slash the gnoll!
The gnoll is almost dead.
The gnoll hits you but does no damage. The gnoll hits you.
* * * LOW HITPOINT WARNING * * *
The gnoll barely misses you. The gnoll hits you but does no damage.
You slash the gnoll!
You kill the gnoll!
Makhleb accepts your kill. The gnoll barely misses you.
The gnoll hits you with a +1 halberd of chopping!
* * * LOW HITPOINT WARNING * * *
You die...

##.......######.###.#
##.....## ### #.#
##...## ###.#### ##'##
#....... #.# #.#####.
#.# #.# #.
##.###########.######
##...#..........[.....
#...g@....###########.
##..#####.# #. ##.#
#.# #. ..# #.# #. ##.#
#.# #. 8.8 #.# ## .⌠.
..# 8.∩ ###


You could see a gnoll.

Vanquished Creatures
  An ice beast (D:3)
  An ogre (D:5)
  A gnoll sergeant (D:5)
  A jelly (D:5)
  2 hounds
  2 orc priests (D:3)
  Natasha (D:2)
  6 orc wizards
  A worker ant (D:4)
  A killer bee zombie (D:5)
  A howler monkey zombie (D:5)
  6 gnolls (D:5)
  9 adders
  A shadow imp (D:5)
  An ooze (D:1)
  An adder zombie (D:5)
  A worm (D:3)
  A dart slug (D:1)
  10 orcs
  4 ball pythons
  3 bats
  4 giant cockroaches
  6 hobgoblins
  13 jackals
  9 frilled lizards
  13 goblins
  7 kobolds
  7 rats
114 creatures vanquished.

Notes
Turn   | Place    | Note
-------+----------+-------------------------------------------
     0 | D:1      | Ruokin the Minotaur Fighter began the quest for the Orb.
     0 | D:1      | Reached XP level 1. HP: 19/19 MP: 0/0
    64 | D:1      | Reached XP level 2. HP: 20/27 MP: 1/1
   162 | D:1      | Reached XP level 3. HP: 25/33 MP: 2/2
   557 | D:2      | Found a shimmering altar of Xom.
   770 | D:2      | Reached XP level 4. HP: 29/40 MP: 3/3
  1088 | D:2      | Noticed Natasha
  1105 | D:2      | Killed Natasha
  1554 | D:3      | Noticed an ice beast
  1562 | D:3      | Killed an ice beast
  1562 | D:3      | Reached skill level 5 in Armour
  1562 | D:3      | Reached skill level 1 in Dodging
  1562 | D:3      | Reached XP level 5. HP: 31/47 MP: 4/4
  2220 | D:3      | Reached XP level 6. HP: 38/55 MP: 5/5
  3353 | D:4      | Reached skill level 5 in Fighting
  3366 | D:4      | Reached skill level 5 in Long Blades
  3795 | D:4      | Reached XP level 7. HP: 61/61 MP: 6/6
  3899 | D:4      | Found a shattered altar of Ashenzari.
  3992 | D:5      | Entered Level 5 of the Dungeon
  4005 | D:5      | Found Mupp's Weapon Shoppe.
  4414 | D:5      | Reached skill level 5 in Shields
  4585 | D:5      | Found a staircase to the Ecumenical Temple.
  4595 | Temple   | Entered the Ecumenical Temple
  4599 | Temple   | Became a worshipper of Makhleb the Destroyer
  4640 | D:5      | Found Fagumoas's Antique Armour Shoppe.
  4661 | D:5      | Found Orghos's Antique Armour Shop.
  4668 | D:5      | Found a sand-covered staircase.
  4744 | D:5      | Found Hibe's Antique Armour Shop.
  4753 | D:5      | HP: 2/61 [gnoll/+1 halberd of chopping (12)]
  4753 | D:5      | Slain by a gnoll

Skill      XL: |  1  2  3  4  5  6  7 |
---------------+----------------------+-----
Fighting       | 4 5 |  5.5
Armour         | 4 5 6 |  6.7
Long Blades    | 3 4 5 6 |  6.4
Shields        | 4 5 |  5.0
Dodging        | 1 2 |  2.6
Stealth        | |  0.5
Unarmed Combat | |  0.8

Action                   |  1- 3 |  4- 6 |  7- 9 || total
-------------------------+-------+-------+-------++-------
Melee: Long sword        |    78 |   183 |    11 ||   272
       Headbutt          |    13 |    27 |    12 ||    52
       Unarmed           |       |    14 |       ||    14
       Great sword       |       |       |    52 ||    52
  Use: Scroll            |     2 |     5 |       ||     7
       Potion            |       |     1 |       ||     1
  Eat: Ration            |       |     3 |       ||     3
       Chunk             |       |     2 |       ||     2
Armor: Scale mail        |    36 |    89 |    33 ||   158
       Skin              |       |     3 |       ||     3
Dodge: Dodged            |    19 |    66 |    61 ||   146
Block: Shield            |    45 |    70 |     4 ||   119
       Rpst.: Long sword |     5 |     9 |       ||    14
       Great sword       |       |       |     9 ||     9
